Description

1.卫队刷在第三波混合体的阵地,前往吉娜拉推车,如果该阵地被清,则会刷在右方的阵地。 2.如果混合体没有被提前触发,则会在9:00,15:00,23:00,30:00触发。 3.吉娜拉后退速度随混合体波次递增。 4.沃拉尊可时停直接推最后一车而不触发混合体。 详细信息:https://bbs.nga.cn/read.php?tid=17265336&forder_by=postdatedesc&rand=273

Build Order

Get SALT Encoding   

  1  3:00  Action 卫队  
  2  3:30  Action 左/右红点  
  3  5:00  Action 卫队  
  4  7:00  Action 右/左红点+卫队  
  4  9:00  Action (混合体1)  
  5  13:00  Action 左/右红点+卫队  
  6  14:00  Action 卫队  
  6  15:00  Action 卫队(混合体2)  
  7  18:00  Action 右/左红点  
  8  19:00  Action 卫队  
  8  20:00  Action 卫队  
  8  20:30  Action 卫队  
  8  21:30  Action 卫队  
  9  22:00  Action 左+右红点  
  10  22:30  Action 卫队  
  10  23:00  Action 卫队(混合体3)  
  10  26:00  Action 卫队  
  10  26:30  Action 卫队  
  10  27:00  Action 卫队  
  11  27:30  Action 左+右红点  
  12  28:00  Action 卫队  
  12  29:00  Action 卫队  
  12  30:00  Action 卫队(混合体4)  
Spawning Tool Build Advisor. Get it on Overwolf

Go to:

Details

  • Created by: DCpro
  • Published on: Aug 06, 2021
  • Modified on: Aug 09, 2021
  • Patch: 4.11.0
  • Difficulty: Medium
Show
View Real Time Build Order
Export as new Build Order

Comments (0)

There are no comments. Be the first!

Create an account to comment!